 Dungeon Crawl Stone Soup version 0.30-a0-989-g0d87f670db (webtiles) character file.

Game seed: 3714815858733539672

924 prey the Trooper (level 7, -1/64 HPs)
             Began as a Minotaur Berserker on Apr 2, 2023.
             Was a Priest of Trog.
             Splashed by a jelly's acid (5 damage)
             ... on level 5 of the Dungeon.
             The game lasted 00:17:51 (3474 turns).

prey the Trooper (Minotaur Berserker)               Turns: 3474, Time: 00:17:52

Health: -1/64      AC: 12    Str: 22    XL:     7   Next: 84%
Magic:  6/6        EV:  8    Int:  6    God:    Trog [***...]
Gold:   272        SH:  0    Dex:  9    Spells: 6/6 levels left

rFire   . . .      SeeInvis .    y - +3 dire flail (drain)
rCold   . . .      Faith    +    (shield currently unavailable)
rNeg    . . .      Spirit   .    j - +0 plate armour
rPois   .          Reflect  .    (helmet restricted)
rElec   .          Rampage  .    (no cloak)
rCorr   .                        (no gloves)
Will    ++...                    (no boots) Stlth
                                 a - amulet of faith
HPRegen 1.30/turn                (no ring)
MPRegen 0.10/turn                (no ring)

@: strong-willed, regenerating
A: horns 2, retaliatory headbutt
a: Renounce Religion, Berserk, Trog's Hand


You were on level 5 of the Dungeon.
You worshipped Trog.
Trog was most pleased with you.
You visited 1 branch of the dungeon, and saw 5 of its levels.

You collected 272 gold pieces.

Inventory:

Hand Weapons
 y - a +3 dire flail of draining (weapon)
Armour
 e - a +0 scale mail
 j - a +0 plate armour (worn)
Jewellery
 a - an amulet of faith (around neck)
 t - an amulet of regeneration
Wands
 b - a wand of digging (4)
Scrolls
 d - 4 scrolls of identify
 f - 2 scrolls of fear
 n - 3 scrolls of enchant weapon {unknown}
 o - 2 scrolls of vulnerability {unknown}
 q - 2 scrolls of torment {unknown}
 r - a scroll of amnesia {unknown}
 w - a scroll of teleportation {unknown}
Potions
 c - 2 potions of curing
 g - a potion of mutation {unknown}
 h - a potion of might {unknown}
 i - 4 potions of heal wounds {unknown}
 k - a potion of haste {unknown}
 l - a potion of invisibility {unknown}
 m - a potion of ambrosia {unknown}
 p - 2 potions of attraction {unknown}
 s - a potion of lignification {unknown}


   Skills:
 + Level 6.6 Fighting
 * Level 2.5 Maces & Flails
 - Level 5.0 Polearms
 + Level 6.1 Armour
 + Level 5.5 Dodging


You had 6 spell levels left.
You didn't know any spells.
Your spell library was empty.

Dungeon Overview and Level Annotations

Branches:
Dungeon (5/15)             Temple (0/1) D:4

Altars:
Elyvilon
Hepliaklqana
Sif Muna


Innate Abilities, Weirdness & Mutations

You have a pair of horns on your head.
You reflexively headbutt those who attack you in melee.


Message History

Found an escape hatch in the ceiling.
You see here an adder corpse.
No target in view!
No target in view!
Found a stone staircase leading down.
There is an escape hatch in the ceiling here.
A jelly and an ogre come into view.
The jelly quivers.
The ogre shouts!
Found a stone staircase leading up.
You hit the ogre.
You headbutt the ogre, but do no damage.
The ogre is moderately wounded.
The ogre hits you with a +0 giant club!!
You hit the ogre.
The ogre is moderately wounded.
The ogre hits you with a +0 giant club!
You are too injured to fight recklessly!
Your skin crawls.
You feel strong-willed. The ogre attacks as you move away!
The ogre hits you with a +0 giant club.
You barely miss the ogre.
The ogre is moderately wounded.
The ogre hits you with a +0 giant club!
* * * LOW HITPOINT WARNING * * *
You sock the ogre!
The ogre is heavily wounded.
The ogre completely misses you.
You barely miss the ogre.
The ogre is heavily wounded.
The jelly jiggles.
The ogre hits you with a +0 giant club!
* * * LOW HITPOINT WARNING * * *
You bludgeon the ogre!!
You kill the ogre!
Trog accepts your kill.
Your life force feels restored.
Your Maces & Flails skill increases to level 2!
You hit the jelly. You drain the jelly.
Your hands burn!
You die...

########## #.........
###############.#######.
#.....J@........#######.
#.######.######.........
#.# #............####.
#J# #..#########.# #.
#.# #..# #.# #. #.# #..#
##.####. ..< ...#
#......< #.# ##..#
######.†###.. ..# #..#
#.......# #..


You could see a jelly (very drained).

Vanquished Creatures
  Edmund (D:5)
  Duvessa (D:4)
  2 ogres
  2 scorpions (D:5)
  Dowan (D:4)
  A hound (D:4)
  A gnoll bouda (D:4)
  An orc priest (D:3)
  Ijyb (D:3)
  An orc wizard (D:3)
  Robin (D:3)
  6 adders
  5 gnolls
  4 worms
  3 dart slugs
  7 orcs
  6 ball pythons
  8 bats
  3 endoplasms
  A giant cockroach (D:3)
  15 goblins
  12 hobgoblins
  5 jackals (D:2)
  7 kobolds
  2 quokkas
  10 frilled lizards
  5 rats
112 creatures vanquished.

Notes
Turn   | Place    | Note
-------+----------+-------------------------------------------
     0 | D:1      | prey the Minotaur Berserker began the quest for the Orb.
     0 | D:1      | Reached XP level 1. HP: 19/19 MP: 0/0
    87 | D:1      | Reached XP level 2. HP: 26/27 MP: 1/1
   454 | D:2      | Reached XP level 3. HP: 28/33 MP: 2/2
   684 | D:2      | Reached ** piety under Trog
   790 | D:2      | Noticed an ogre
   800 | D:2      | Reached XP level 4. HP: 41/41 MP: 3/3
   806 | D:2      | Killed an ogre
   807 | D:2      | Reached XP level 5. HP: 15/47 MP: 4/4
   943 | D:2      | Found a hazy altar of Hepliaklqana.
  1399 | D:3      | Found a white marble altar of Elyvilon.
  1400 | D:3      | Noticed Ijyb
  1408 | D:3      | Reached skill level 5 in Fighting
  1421 | D:3      | Killed Ijyb
  1496 | D:3      | Noticed Robin
  1550 | D:3      | Killed Robin
  1665 | D:3      | Reached *** piety under Trog
  1704 | D:3      | Reached XP level 6. HP: 21/56 MP: 5/5
  2638 | D:4      | Noticed Duvessa
  2640 | D:4      | Noticed Dowan
  2655 | D:4      | Killed Duvessa
  2656 | D:4      | Reached skill level 5 in Armour
  2662 | D:4      | Killed Dowan
  2663 | D:4      | Reached skill level 5 in Polearms
  2776 | D:4      | Found a shimmering blue altar of Sif Muna.
  2811 | D:4      | Found a staircase to the Ecumenical Temple.
  2824 | D:4      | Reached XP level 7. HP: 60/62 MP: 6/6
  3206 | D:5      | Entered Level 5 of the Dungeon
  3207 | D:5      | Noticed Edmund
  3211 | D:5      | Reached skill level 5 in Dodging
  3221 | D:5      | Killed Edmund
  3222 | D:5      | Reached skill level 1 in Maces & Flails
  3472 | D:5      | HP: 3/60 [ogre/+0 giant club (15)]
  3474 | D:5      | Splashed by a jelly's acid

Illustrated notes

Levels and vault maps discovered:
D:1:      psy_arrival_basics, layout_rooms
D:2:      layout_basic, basic_altar, kennysheep_generic_room_10
D:3:      layout_basic, mainiacjoe_overflow_surrounded_room,
          minmay_diced_spiral, uniq_robin, uniq_ijyb
D:4:      layout_loops_ring, nicolae_sif_muna_condensation,
          minmay_temple_entry_large_hall, uniq_duvessa
D:5:      layout_loops_ring, nicolae_wu_jian_wuxing_cycle,
          makhleb_blood_cavern_becter, grunt_temple_overflow_diamond,
          uniq_edmund

Skill      XL: |  1  2  3  4  5  6  7 |
---------------+----------------------+-----
Fighting       | 4 5 6 |  6.6
Armour         | 3 4 5 6 |  6.1
Polearms       | 4 5 |  5.0
Dodging        | 3 4 5 |  5.5
Maces & Flails | 2 |  2.5

Action                     |  1- 3 |  4- 6 |  7- 9 || total
---------------------------+-------+-------+-------++-------
  Melee: Spear             |   106 |   187 |    19 ||   312
         Headbutt          |    11 |    27 |    11 ||    49
         Whip              |       |       |    17 ||    17
         Dire flail        |       |       |    15 ||    15
 Invoke: Berserk           |     1 |     1 |     1 ||     3
         Trog's Hand       |       |     1 |     1 ||     2
    Use: Scroll            |       |     5 |       ||     5
         Potion            |       |     1 |       ||     1
 Armour: Animal skin       |     4 |       |       ||     4
         Scale mail        |    36 |    64 |       ||   100
         Plate armour      |       |    23 |    14 ||    37
  Dodge: Dodged            |    46 |    82 |    12 ||   140

Table legend: (Time is in decaauts)
 A = Elapsed time spent in this place.
 B = Non-inter-level travel time spent in this place.
 C = Inter-level travel time spent in this place.
 D = Time resting spent in this place.
 E = Time spent auto-exploring this place.
 F = Levels seen in this place.
 G = Mean time per level.
                   A        B        C        D        E       F      G
               +--------+--------+--------+--------+--------+-----+--------+
         Total |   3473 |   3397 |     76 |    266 |   2379 |   5 |  694.6 |
       Dungeon |   3473 |   3397 |     76 |    266 |   2379 |   5 |  694.6 |
               +--------+--------+--------+--------+--------+-----+--------+

Top non-repeatable levels by time:
     D:3: 1053 daAuts
     D:2: 879 daAuts
     D:4: 829 daAuts
     D:1: 440 daAuts
     D:5: 271 daAuts
